 Dungeon Crawl Stone Soup version 0.30-a0-1066-g63dfefce0d (webtiles) character file.

Game seed: 10357288616540478473

51 Zeldest the Vexing (level 3, 0/18 HPs)
             Began as a Spriggan Hexslinger on Apr 13, 2023.
             Succumbed to an adder's poison
             ... on level 2 of the Dungeon.
             The game lasted 00:01:03 (668 turns).

Zeldest the Vexing (Spriggan Hexslinger)             Turns: 668, Time: 00:01:03

Health: 0/18       AC:  2    Str:  6    XL:     3   Next: 58%
Magic:  6/6        EV: 18    Int: 14    God:
Gold:   56         SH:  0    Dex: 17    Spells: 3/4 levels left

rFire   . . .      SeeInvis +    a - +1 sling
rCold   . . .      Faith    .    (no shield)
rNeg    . . .      Spirit   .    c - +0 robe
rPois   .          Reflect  .    (helmet restricted)
rElec   .          Rampage  .    (no cloak)
rCorr   .                        (gloves unavailable)
Will    .....                    (boots unavailable)
Stlth   ++                       (no amulet)
HPRegen 0.23/turn                (no ring)
MPRegen 0.10/turn                (no ring)

@: lethally poisoned (0 -> -1), invisible, very quick
A: very small, no large weapons, unfitting armour, see invisible, speed 3
a: no special abilities


You were on level 2 of the Dungeon.
You visited 1 branch of the dungeon, and saw 2 of its levels.

You collected 56 gold pieces.

Inventory:

Hand Weapons
 a - a +1 sling (weapon)
 g - a +0 dagger
Armour
 c - a +0 robe (worn)
Scrolls
 b - 2 scrolls of poison
 d - a scroll of blinking {unknown}
 e - a scroll of teleportation {unknown}


   Skills:
 + Level 1.4 Fighting
 * Level 2.5 Short Blades
 - Level 2.0 Ranged Weapons
 + Level 3.5 Dodging
 - Level 1.3 Spellcasting
 - Level 3.6 Hexes


You had 3 spell levels left.
You knew the following spells:

 Your Spells              Type           Power      Damage    Failure   Level
a - Slow                  Hex            44%        N/A       6%          1

Your spell library contained the following spells:

 Spells                   Type           Power      Damage    Failure   Level
 Inner Flame              Hex/Fire       6%         N/A       36%         3
 Portal Projectile        Hex/Tloc       12%        N/A       36%         3
 Cause Fear               Hex            5%         N/A       50%         4


Dungeon Overview and Level Annotations

Branches:
Dungeon (2/15) Zot: 11525

Altars:


Innate Abilities, Weirdness & Mutations

You are very small and have problems with some larger weapons.
You are too small for most types of armour.
You have supernaturally acute eyesight. (SInv)
You cover ground extremely quickly. (Speed+++)


Message History

The adder is moderately wounded.
You feel sick. The adder bites you.
You are more poisoned.
The adder poisons you! The adder bites you but does no damage.
You are too injured to fight recklessly!
You are too injured to fight recklessly!
You are too injured to fight recklessly!
Fire: a) +1 sling
Press: ? - help, Q - select action, (/) - cycle Shift-Dir - straight line, f/p - adder
Aim: an adder (moderately wounded, 40% to hit)
You shoot a sling bullet. The sling bullet hits the adder!
The adder is almost dead.
You feel very sick. The adder bites you.
Fire: a) +1 sling
Press: ? - help, Q - select action, (/) - cycle Shift-Dir - straight line, f/p - adder
Aim: an adder (almost dead, 40% to hit)
You shoot a sling bullet. The sling bullet hits the adder.
You kill the adder!
* * * LOW HITPOINT WARNING * * *
You feel very sick.
It was a potion of invisibility.
You fade into invisibility!
* * * LOW HITPOINT WARNING * * *
You feel sick.
* * * LOW HITPOINT WARNING * * *
You feel sick.
* * * LOW HITPOINT WARNING * * *
You feel sick.
* * * LOW HITPOINT WARNING * * *
You feel sick.
A goblin comes into view. It is wielding a +0 dagger.
* * * LOW HITPOINT WARNING * * *
You feel sick.
Fire: a) +1 sling
Press: ? - help, Q - select action, (/) - cycle Shift-Dir - straight line, f - goblin
Aim: a goblin, wielding a +0 dagger (asleep, 98% to hit)
You shoot a sling bullet. The sling bullet hits the goblin.
You kill the goblin!
You die...

#..#.# ##..#.
...... .... ...#
## #... #..##..
..####..####.....
.........# .....
.. .......@##
#..# ..###.
.#.#.#...###..#
......
..#........#
....#
#.........###...#
#.#####.........#
#. ##.......## #)
####....# #.
######..##.....
#........# ....


There were no monsters in sight!

Vanquished Creatures
  2 adders (D:2)
  3 dart slugs (D:1)
  2 ball pythons (D:1)
  4 bats (D:1)
  3 giant cockroaches (D:1)
  4 goblins
  2 hobgoblins (D:1)
  2 frilled lizards (D:1)
  3 kobolds
  4 rats (D:1)
29 creatures vanquished.

Notes
Turn   | Place    | Note
-------+----------+-------------------------------------------
     0 | D:1      | Zeldest the Spriggan Hexslinger began the quest for the
                  | Orb.
     0 | D:1      | Reached XP level 1. HP: 9/9 MP: 3/3
    56 | D:1      | Reached skill level 1 in Fighting
    56 | D:1      | Reached skill level 1 in Short Blades
    65 | D:1      | Reached XP level 2. HP: 13/14 MP: 5/5
   363 | D:1      | Reached XP level 3. HP: 18/18 MP: 6/6
   668 | D:2      | Succumbed to an adder's poison

Illustrated notes

Levels and vault maps discovered:
D:1:      eino_arrival_water_cross, layout_loops_ring
D:2:      layout_basic, nicolae_ecumenical_lake_church,
          amcnicky_mini_rare_corridor_liquid, hangedman_decor_growths,
          minmay_pentomino_o2

Skill      XL: |  1  2 |
---------------+-------+-----
Fighting       | 1 |  1.4
Short Blades   | 1 2 |  2.5
Dodging        | 3 |  3.5
Ranged Weapons | |  2.0
Spellcasting   | |  1.3
Hexes          | |  3.6

Action                     || total
---------------------------++-------
   Fire: Sling             ||    85
   Cast: Slow              ||     1
    Use: Potion            ||     1
 Armour: Robe              ||     5
  Dodge: Dodged            ||    29

Table legend: (Time is in decaauts)
 A = Elapsed time spent in this place.
 B = Non-inter-level travel time spent in this place.
 C = Inter-level travel time spent in this place.
 D = Time resting spent in this place.
 E = Time spent auto-exploring this place.
 F = Levels seen in this place.
 G = Mean time per level.
                   A        B        C        D        E       F      G
               +--------+--------+--------+--------+--------+-----+--------+
         Total |    475 |    451 |     24 |     24 |    283 |   2 |  237.5 |
       Dungeon |    475 |    451 |     24 |     24 |    283 |   2 |  237.5 |
               +--------+--------+--------+--------+--------+-----+--------+

Top non-repeatable levels by time:
     D:1: 427 daAuts
     D:2: 47 daAuts
